 Dungeon Crawl Stone Soup version 0.27-a0-1456-gf5a116941d (webtiles) character file.

Game seed: 10762923625934006494

77 trckry the Firebug (level 4, -8/24 HPs)
             Began as a Deep Elf Fire Elementalist on July 7, 2021.
             Killed from afar by Grinder (12 damage)
             ... with a puff of flame
             ... while paralysed by Grinder
             ... on level 3 of the Dungeon.
             The game lasted 00:04:21 (2400 turns).

trckry the Firebug (Deep Elf Fire Elementalist)     Turns: 2400, Time: 00:04:22

Health: -8/24      AC:  2    Str:  6    XL:     4   Next: 14%
Magic:  5/11       EV:  2    Int: 20    God:
Gold:   147        SH:  0    Dex: 15    Spells: 9/10 levels left

rFire    . . .     SeeInvis .   (no weapon)
rCold    . . .     Faith    .   j - +0 buckler
rNeg     . . .     Spirit   .   a - +0 robe
rPois    .         Reflect  .   (no helmet)
rElec    .         Harm     .   (no cloak)
rCorr    .         Rampage  .   (no gloves)
Will     .....                  (no boots)
Stlth    ++........             (no amulet)
HPRegen  0.08/turn              (no ring)
MPRegen  0.12/turn              (no ring)

@: paralysed
A: no striking features
a: no special abilities


You were on level 3 of the Dungeon.
You visited 1 branch of the dungeon, and saw 3 of its levels.

You collected 147 gold pieces.

Inventory:

Armour
 a - a +0 robe (worn)
 j - a +0 buckler (worn)
Scrolls
 b - 2 scrolls of enchant armour {unknown}
 c - a scroll of vulnerability {unknown}
 g - a scroll of magic mapping {unknown}
 h - a scroll of identify {unknown}
 i - a scroll of noise {unknown}
Potions
 d - 2 potions of heal wounds {unknown}
 e - 2 potions of mutation {unknown}
 f - a potion of flight {unknown}
 k - 2 potions of brilliance {unknown}


   Skills:
 - Level 2.4 Dodging
 - Level 2.4 Stealth
 + Level 0.3 Shields
 + Level 3.7 Spellcasting
 * Level 2.8 Conjurations
 * Level 4.2 Fire Magic


You had 9 spell levels left.
You knew the following spells:

 Your Spells              Type           Power      Damage    Failure   Level
a - Foxfire               Conj/Fire      72%        2x1d7     4%          1

Your spell library contained the following spells:

 Spells                   Type           Power      Damage    Failure   Level
 Conjure Flame            Conj/Fire      18%        6-21      14%         3
 Inner Flame              Hex/Fire       12%        N/A       26%         3
 Sticky Flame             Conj/Fire      18%        2d4       43%         4
 Fireball                 Conj/Fire      9%         3d6       80%         5


Dungeon Overview and Level Annotations

Branches:
Dungeon (3/15)

Altars:
Makhleb
Sif Muna
Uskayaw

Annotations:
D:3 Grinder


Message History

Grinder is moderately wounded.
The foxfire hits Grinder.
Grinder is moderately wounded.
You now have 6/11 mp.
Casting: Foxfire (safe; 4% risk of failure)
Confirm with . or Enter, or press ? or * to list all spells.
You conjure some foxfire!
Casting: Foxfire (safe; 4% risk of failure)
Confirm with . or Enter, or press ? or * to list all spells.
There is not enough space to conjure foxfire!
The foxfire hits Grinder.
Grinder is heavily wounded.
The foxfire hits Grinder but does no damage.
Grinder is heavily wounded.
Grinder closely misses you.
Casting: Foxfire (safe; 4% risk of failure)
Confirm with . or Enter, or press ? or * to list all spells.
You conjure some foxfire!
Grinder blinks!
You now have 5/11 mp.
The foxfire hits Grinder.
Grinder is heavily wounded.
The foxfire hits Grinder.
Grinder is heavily wounded.
Grinder hits you.
You take 3 damage, and have 21/24 hp.
Casting: Foxfire (safe; 4% risk of failure)
Confirm with . or Enter, or press ? or * to list all spells.
You conjure some foxfire!
Grinder gestures at you.
You suddenly lose the ability to move!
The foxfire hits Grinder.
Grinder is severely wounded.
Grinder hits you!
Grinder zaps a wand.
The puff of flame hits you!
* * * LOW HITPOINT WARNING * * *
Your foxfire dissipates!
Grinder blinks!
Grinder zaps a wand.
The puff of flame hits you!
Ouch! That really hurt!
You die...

#### ...
#.######### ##
#..5..).... ..
#..@....... .#
##ยง#.###... .#
#.#.# # .# #
#.#.## #.####.##.#
#....###.........#
#.###.........#
#.#
#.######..###.#
#.###.# #.......
##...## #..###.#


You could see Grinder.

Vanquished Creatures
  Natasha (D:3)
  An adder (D:2)
  An adder skeleton (D:2)
  A dart slug (D:1)
  2 ball pythons
  8 endoplasms
  A giant cockroach (D:2)
  A hobgoblin (D:2)
  A quokka (D:2)
  7 bats
  2 frilled lizards
  5 goblins
  4 kobolds
  2 rats (D:3)
37 creatures vanquished.

Vanquished Creatures (others)
  136 foxfires
136 creatures vanquished.

Grand Total: 173 creatures vanquished

Notes
Turn   | Place    | Note
-------+----------+-------------------------------------------
     0 | D:1      | trckry the Deep Elf Fire Elementalist began the quest for
                  | the Orb.
     0 | D:1      | Reached XP level 1. HP: 10/10 MP: 6/6
   294 | D:1      | Reached XP level 2. HP: 15/15 MP: 4/8
   483 | D:1      | Found a faded altar of an unknown god.
   880 | D:2      | Found a shimmering blue altar of Sif Muna.
  1044 | D:2      | Reached XP level 3. HP: 13/19 MP: 3/9
  1199 | D:2      | Reached skill level 4 in Fire Magic
  1992 | D:3      | Noticed Natasha
  1997 | D:3      | Killed Natasha
  2065 | D:3      | Found a hide-covered altar of Uskayaw.
  2075 | D:3      | Found a burning altar of Makhleb.
  2113 | D:3      | Reached XP level 4. HP: 23/24 MP: 8/11
  2387 | D:3      | Noticed Grinder
  2396 | D:3      | Paralysed by Grinder for 5 turns
  2400 | D:3      | Killed from afar by Grinder

Illustrated notes

Levels and vault maps discovered:
D:1:      matt_arrival_grand_opening, layout_basic,
          shapermc_ecumenical_altar_venn
D:2:      layout_basic, basic_altar
D:3:      layout_loops_ring, chequers_temple_overflow_statue_of_worship,
          uniq_natasha, uniq_terence, uniq_jessica, uniq_grinder

Skill      XL: |  1  2  3 |
---------------+----------+-----
Conjurations   | 2 |  2.8
Fire Magic     | 4 |  4.2
Dodging        | |  2.4
Stealth        | |  2.4
Shields        | |  0.3
Spellcasting   | |  3.7

Action                   |  1- 3 |  4- 6 || total
-------------------------+-------+-------++-------
 Cast: Foxfire           |    75 |    21 ||    96
Armor: Robe              |     7 |     1 ||     8
Dodge: Dodged            |     9 |     3 ||    12

Table legend: (Time is in decaauts)
 A = Elapsed time spent in this place.
 B = Non-inter-level travel time spent in this place.
 C = Inter-level travel time spent in this place.
 D = Time resting spent in this place.
 E = Time spent auto-exploring this place.
 F = Levels seen in this place.
 G = Mean time per level.
                   A        B        C        D        E       F      G
               +--------+--------+--------+--------+--------+-----+--------+
         Total |   2399 |   2381 |     18 |      0 |   2141 |   3 |  799.7 |
       Dungeon |   2399 |   2381 |     18 |      0 |   2141 |   3 |  799.7 |
               +--------+--------+--------+--------+--------+-----+--------+

Top non-repeatable levels by time:
     D:2: 1134 daAuts
     D:1: 843 daAuts
     D:3: 421 daAuts
